 Dungeon Crawl Stone Soup version 0.28.0-53-g5a82cb258f (webtiles) character file.

Game seed: 6585947605368999302

3901 DemonSlayer the Thaumaturge (level 10, -2/58 (67) HPs)
             Began as a Demonspawn Fire Elementalist on Aug 21, 2022.
             Was a Follower of Cheibriados.
             Slain by a wight
             ... wielding a +3 morningstar of freezing
              (3 damage)
             ... on level 7 of the Dungeon.
             The game lasted 00:17:39 (10168 turns).

DemonSlayer the Thaumaturge (DsFE)                 Turns: 10168, Time: 00:17:40

HP:   -2/58 (67)    AC: 15    Str:  8    XL:     10   Next: 0%
MP:   31/31         EV:  2    Int: 23    God:    Cheibriados [*.....]
Gold: 373           SH:  0    Dex: 16    Spells: 4/26 levels left

rFire   + . .      SeeInvis +   r - +2 mace "Hont" {elec, *Rage Will+++ MP+9 Stlth+}
rCold   . . .      Faith    .   (no shield)
rNeg    . . .      Spirit   .   y - +0 plate armour of Focus {+Blink rElec rF+}
rPois   .          Reflect  .   (helmet restricted)
rElec   +          Harm     .   q - +1 cloak
rCorr   +          Rampage  .   p - +0 pair of gloves
Will    +++..      Rage     20% m - +0 pair of boots
Stlth   ..........              (no amulet)
HPRegen 0.00/turn               h - ring of resist corrosion
MPRegen 0.22/turn               w - ring of see invisible

@: mighty, inhibited regen, heavily drained, very slow
A: horns 2, repulsion field 1, foul stench 1, spiny 2, inhibited regeneration,
weak 1
a: Renounce Religion, Evoke Blink, Bend Time


You were on level 7 of the Dungeon.
You worshipped Cheibriados.
Cheibriados was aware of your devotion.
You visited 2 branches of the dungeon, and saw 8 of its levels.

You collected 373 gold pieces.

Inventory:

Hand Weapons
 c - a +4 dagger of protection
 r - the +2 mace "Hont" (weapon) {elec, *Rage Will+++ MP+9 Stlth+}
   (You found it on level 4 of the Dungeon)

   It occasionally discharges a powerful burst of electricity upon striking a
   foe.
   MP:        It affects your magic capacity (+9).
   *Rage:     It berserks you when you make melee attacks (+20% chance).
   Will:      It greatly increases your willpower.
   Stlth:     It makes you more stealthy.
Missiles
 e - 3 throwing nets
Armour
 m - a +0 pair of boots (worn)
 p - a +0 pair of gloves (worn)
 q - a +1 cloak (worn)
 y - the +0 plate armour of Focus (worn) {+Blink rElec rF+}
   (You found it on level 6 of the Dungeon)

   rF:        It protects you from fire.
   rElec:     It insulates you from electricity.
   +Blink:    It lets you blink.
Jewellery
 h - a ring of resist corrosion (left hand)
 w - a ring of see invisible (right hand)
 x - a ring of flight
Wands
 a - a wand of polymorph (4)
 b - a wand of flame (9)
 g - a wand of iceblast (10)
 l - a wand of digging (6)
 n - a wand of charming (8)
Scrolls
 j - a scroll of fog
 k - 2 scrolls of teleportation
Potions
 d - a potion of might
 f - a potion of flight
 i - 2 potions of curing
 o - a potion of ambrosia
 s - 2 potions of heal wounds
 t - 2 potions of haste {unknown}
 u - a potion of invisibility {unknown}
 v - 2 potions of mutation {unknown}


   Skills:
 + Level 1.8 Fighting
 + Level 1.1 Short Blades
 + Level 2.0 Maces & Flails
 + Level 3.3 Armour
 + Level 2.8 Dodging
 + Level 3.2 Stealth
 + Level 8.6 Spellcasting
 + Level 2.5 Conjurations
 + Level 8.3 Fire Magic
 + Level 0.9 Evocations


You had 4 spell levels left.
You knew the following spells:

 Your Spells              Type           Power      Damage    Failure   Level
a - Foxfire               Conj/Fire      100%       2x1d9     100%        1
b - Scorch                Fire           96%        2d9       98%         2
c - Conjure Flame         Conj/Fire      34%        6-21      100%        3
d - Flame Wave            Conj/Fire      34%        2d8       100%        4
e - Lehudib's Crystal Sp  Conj/Erth      7%         10d3      100%        8
f - Olgreb's Toxic Radia  Pois           9%         N/A       100%        4

Your spell library contained the following spells:

 Spells                   Type           Power      Damage    Failure   Level
 Inner Flame              Hex/Fire       29%        N/A       100%        3
 Passage of Golubria      Tloc           9%         N/A       100%        4
 Silence                  Hex/Air        4%         N/A       100%        5
 Ozocubu's Refrigeration  Ice            4%         4d5       100%        7
 Ignition                 Fire           24%        3d8       100%        8


Dungeon Overview and Level Annotations

Branches:
Dungeon (7/15)             Temple (1/1) D:6

Altars:
Ashenzari
Cheibriados
Dithmenos
Elyvilon
Fedhas
Hepliaklqana
Kikubaaqudgha
Makhleb
Nemelex Xobeh
Ru
Sif Muna
Trog
Uskayaw
Vehumet
Wu Jian
Xom
Yredelemnul
Zin
The Shining One


Innate Abilities, Weirdness & Mutations

You have a pair of horns on your head.
You are surrounded by a mild repulsion field. (EV +2)
You may rarely emit foul miasma when damaged in melee.
You are mostly covered in sharp spines.
You do not regenerate when monsters are visible.
You are weak. (Str -2)


Message History

The wight is moderately damaged.
The wight hits you with a +3 morningstar of freezing!
You feel drained. The wight freezes you. The wight is struck by your spines.
The wight hits you with a +1 war axe of freezing.
The wight freezes you.
You closely miss the wight.
The wight is severely damaged.
The wight is struck by your spines.
The wight hits you with a +3 morningstar of freezing!
* * * LOW HITPOINT WARNING * * *
The wight freezes you.
* * * LOW HITPOINT WARNING * * *
The wight hits you with a +1 war axe of freezing.
* * * LOW HITPOINT WARNING * * *
The wight freezes you.
* * * LOW HITPOINT WARNING * * *
You feel much better. The wight is struck by your spines.
The wight hits you with a +1 war axe of freezing.
You feel drained. The wight freezes you. The wight hits you but does no damage.
Your magical contamination has completely faded away.
You feel very mighty all of a sudden.
The wight hits you with a +1 war axe of freezing.
* * * LOW HITPOINT WARNING * * *
The wight freezes you.
* * * LOW HITPOINT WARNING * * *
The wight is struck by your spines.
The wight hits you with a +3 morningstar of freezing.
* * * LOW HITPOINT WARNING * * *
You feel drained.
* * * LOW HITPOINT WARNING * * *
The wight freezes you.
* * * LOW HITPOINT WARNING * * *
You sock the wight! Lightning courses through the wight!
You destroy the wight!
Cheibriados appreciates the change of pace.
The wight hits you but does no damage.
The wight hits you with a +3 morningstar of freezing!
* * * LOW HITPOINT WARNING * * *
You feel drained.
You die...

.#### .# .# .# ##
#####
#########.@z#
###....##...#)#
###...##....###.#
###...#########
.# .....## .(
.....## ##
.....>...
.....#### .....#


You could see a wight.

Vanquished Creatures
  Harold (D:7)
  Pikel (D:4)
  Grinder (D:6)
  Prince Ribbit (D:7)
  Edmund (D:6)
  2 water moccasins
  2 ice beasts (D:6)
  An orc warrior (D:5)
  A sky beast (D:6)
  2 ogres
  2 phantoms
  4 lemures (D:4)
  A kobold brigand (D:6)
  A gnoll sergeant (D:7)
  2 scorpions (D:5)
  A water moccasin zombie (D:5)
  3 water moccasin skeletons
  4 wights (D:7)
  2 electric eels (D:6)
  A howler monkey (D:6)
  2 bullfrog zombies
  A bullfrog skeleton (D:5)
  3 hounds (D:5)
  2 centaur zombies (D:5)
  An orc priest (D:5)
  Crazy Yiuf (D:4)
  An iguana (D:5)
  A scorpion zombie (D:5)
  3 orc wizards
  A hound zombie (D:5)
  A hound skeleton (D:4)
  A howler monkey zombie (D:4)
  5 gnolls
  8 adders
  A white imp (D:6)
  2 adder skeletons (D:4)
  A worm (D:3)
  3 dart slugs
  19 orcs
  9 ball pythons
  4 bats
  4 endoplasms
  3 giant cockroaches
  7 goblins
  5 hobgoblins
  3 quokkas
  7 frilled lizards
  A jackal skeleton (D:4)
  13 kobolds
  5 rats
152 creatures vanquished.

Vanquished Creatures (collateral kills)
  A wight (D:7)
  4 foxfires (D:6)
5 creatures vanquished.

Vanquished Creatures (others)
  A wizard (D:4)
  46 foxfires
  3 fungi (D:4)
  16 plants (D:6)
  6 withered plants (D:5)
72 creatures vanquished.

Grand Total: 229 creatures vanquished

Notes
Turn   | Place    | Note
-------+----------+-------------------------------------------
     0 | D:1      | DemonSlayer the Demonspawn Fire Elementalist began the
                  | quest for the Orb.
     0 | D:1      | Reached XP level 1. HP: 13/13 MP: 3/3
   732 | D:2      | Gained mutation: You are surrounded by a mild repulsion
                  | field. (EV +2) [demonic ancestry]
   732 | D:2      | Reached XP level 2. HP: 19/19 MP: 1/5
   735 | D:2      | Learned a level 2 spell: Scorch
  1392 | D:2      | Gained mutation: You are partially covered in sharp spines.
                  | [demonic ancestry]
  1392 | D:2      | Reached XP level 3. HP: 24/24 MP: 6/6
  1776 | D:2      | Learned a level 3 spell: Conjure Flame
  2786 | D:3      | Reached XP level 4. HP: 30/30 MP: 4/7
  3204 | D:3      | Noticed a phantom
  3213 | D:3      | Killed a phantom
  3214 | D:3      | Gained mutation: You may rarely emit foul miasma when
                  | damaged in melee. [demonic ancestry]
  3214 | D:3      | Reached XP level 5. HP: 23/35 MP: 0/10
  3375 | D:3      | Learned a level 4 spell: Flame Wave
  3940 | D:4      | Noticed a lemure
  3957 | D:4      | Killed a lemure
  4058 | D:4      | Reached XP level 6. HP: 41/42 MP: 6/11
  4329 | D:4      | Found an ancient bone altar of Kikubaaqudgha.
  4329 | D:4      | Found a blossoming altar of Fedhas.
  4364 | D:4      | Found a sparkling altar of Nemelex Xobeh.
  4374 | D:4      | Found a radiant altar of Vehumet.
  4595 | D:4      | Noticed Pikel
  4769 | D:4      | Found a runed translucent door.
  4770 | D:4      | Noticed Crazy Yiuf
  4990 | D:4      | Killed Pikel
  4991 | D:4      | Reached skill level 1 in Short Blades
  4991 | D:4      | Reached skill level 5 in Spellcasting
  4991 | D:4      | Reached skill level 5 in Fire Magic
  4991 | D:4      | Gained mutation: You have a pair of small horns on your
                  | head. [demonic ancestry]
  4991 | D:4      | Reached XP level 7. HP: 41/47 MP: 0/14
  5233 | D:4      | Found a bloodstained altar of Trog.
  5234 | D:4      | Noticed a wizard
  5239 | D:4      | Killed a wizard
  5292 | D:4      | Killed Crazy Yiuf
  5301 | D:4      | Identified the +2 mace "Hont" {elec, *Rage Will+++ MP+9
                  | Stlth+}
  5414 | D:5      | Entered Level 5 of the Dungeon
  5619 | D:5      | Gained mutation: You are mostly covered in sharp spines.
                  | [demonic ancestry]
  5619 | D:5      | Reached XP level 8. HP: 42/53 MP: 0/16
  6531 | D:5      | Found a shimmering altar of Xom.
  6547 | D:5      | Reached skill level 1 in Fighting
  6814 | D:5      | Learned a level 8 spell: Lehudib's Crystal Spear
  7227 | D:6      | Noticed Grinder
  7238 | D:6      | Killed Grinder
  7239 | D:6      | Gained mutation: You have a pair of horns on your head.
                  | [demonic ancestry]
  7239 | D:6      | Reached XP level 9. HP: 59/59 MP: 20/20
  7485 | D:6      | Noticed Edmund
  7492 | D:6      | Killed Edmund
  7635 | D:6      | Found a hide-covered altar of Uskayaw.
  7664 | D:6      | Identified the +0 plate armour of Focus {+Blink rElec rF+}
  7830 | D:6      | Gained mutation: You do not regenerate when monsters are
                  | visible. [mutagenic glow]
  7889 | D:6      | Found a staircase to the Ecumenical Temple.
  7903 | D:6      | Gained mutation: You are weak. (Str -2) [mutagenic glow]
  7936 | Temple   | Entered the Ecumenical Temple
  7967 | Temple   | Became a worshipper of Cheibriados the Contemplative
  7977 | D:6      | Identified a scroll of acquirement
  7977 | D:6      | Acquired the Unrestrained Analects
  7984 | D:6      | Learned a level 4 spell: Olgreb's Toxic Radiance
  8270 | D:6      | Found a shadowy altar of Dithmenos.
  8515 | D:7      | Reached skill level 1 in Armour
  8670 | D:7      | Noticed Harold
  8672 | D:7      | Noticed Prince Ribbit
  8960 | D:7      | Killed Harold
  8961 | D:7      | Reached skill level 1 in Maces & Flails
  9394 | D:7      | Reached * piety under Cheibriados
  9582 | D:7      | Killed Prince Ribbit
  9583 | D:7      | Reached XP level 10. HP: 48/67 MP: 22/22
 10168 | D:7      | HP: 1/59 [wight/+3 morningstar of freezing (9)]
 10168 | D:7      | Slain by a wight

Illustrated notes

Levels and vault maps discovered:
D:1:      minmay_arrival_stone_box, layout_basic
D:2:      layout_loops_corners
D:3:      minmay_inner_zag, layout_basic, st_stairs_7, hangedman_feature_mirror,
          minivault_14, minmay_fractal_squares_diagonal_5
D:4:      layout_loops_corners, mainiacjoe_overflow_small_starburst,
          trog_wizard, nicolae_overflow_quartered_altars,
          minmay_misc_feat_roman, hangedman_decor_growths,
          uniq_crazy_yiuf_cottage, uniq_pikel
D:5:      layout_loops_ring, mainiacjoe_overflow_brackets, serial_undead,
          serial_undead_e, serial_undead_c, serial_undead_b, serial_undead_c,
          hex_large
D:6:      layout_basic, mainiacjoe_overflow_24_doors, grunt_dithmenos_shadows,
          temple_green, serial_bayou, serial_bayou_pond_a, serial_bayou_ford_a,
          serial_bayou_shore_b, serial_bayou_crossing, uniq_grinder, uniq_edmund
D:7:      layout_loops_cross, grunt_ministairs_9,
          chequers_serial_rivers_large_b, uniq_prince_ribbit1, uniq_harold
Temple:   eino_temple_lava

Skill      XL: |  1  2  3  4  5  6  7  8  9 |
---------------+----------------------------+-----
Fire Magic     | 3 4 5 7 8 |  8.3
Dodging        | 2 |  2.8
Stealth        | 2 3 |  3.2
Spellcasting   | 3 5 7 8 |  8.6
Short Blades   | 1 |  1.1
Fighting       | 1 |  1.8
Armour         | 3 |  3.3
Maces & Flails | 2 |  2.0
Conjurations   | 2 |  2.5
Evocations     | |  0.9

Action                   |  1- 3 |  4- 6 |  7- 9 | 10-12 || total
-------------------------+-------+-------+-------+-------++-------
Melee: Unarmed           |    18 |       |       |       ||    18
       Dagger            |    37 |    37 |       |       ||    74
       Punch             |     2 |     2 |     1 |       ||     5
       Mace              |       |       |    52 |     7 ||    59
       Headbutt          |       |       |    10 |     1 ||    11
 Cast: Foxfire           |    21 |     2 |     9 |       ||    32
       Scorch            |    21 |    56 |    89 |       ||   166
 Abil: Evoke Blink       |       |       |     1 |       ||     1
Evoke: Wand              |       |       |     5 |       ||     5
  Use: Potion            |       |     3 |       |     2 ||     5
       Scroll            |       |     8 |     9 |       ||    17
 Stab: Sleeping          |     2 |     3 |       |       ||     5
Armor: Robe              |    16 |    13 |    12 |       ||    41
       Plate armour      |       |       |    73 |     3 ||    76
Dodge: Dodged            |    33 |    43 |    29 |       ||   105
